Map: Ephemeron LE

Players

Rob - Winner!

  • Race: Protoss Protoss
  • Spawn Location: 5:00

Caerwyn

  • Race: Terran Terran
  • Spawn Location: 11:00

VOD

Have the link to the VOD?

Description

Time

  • Played on: Sept. 6, 2019, 12:35 p.m.
  • Length: 9:35
Show
View Real Time Build Order
Export as new Build Order

Rob Protoss - Winner!

Build Orders: 1 Gate Expand, Blink Stalkers 

Get SALT Encoding   

  12  0:01  Probe  
  13  0:13  Probe  
  14  0:20  Pylon  
  14  0:25  Probe  
  15  0:34  Probe  
  15  0:39  Gateway  
  15  0:42  Probe  
  16  0:49  Assimilator  
  17  0:53  Probe  
  18  1:05  Probe  
  19  1:17  Probe  
  20  1:25  Nexus  
  20  1:35  Cybernetics Core  
  20  1:37  Probe  
  21  1:44  Assimilator  
  21  1:49  Probe  
  21  1:51  Pylon  
  22  1:57  Probe  
  23  2:01  Adept  
  23  2:08  Probe  
  23  2:11  Warp Gate  
  25  2:20  Probe  
  26  2:31  Stalker  
  26  2:32  Probe x2  
  30  2:40  Probe  
  31  2:44  Probe  
  31  2:51  Probe  
  32  2:53  Twilight Council  
  32  2:56  Probe  
  34  3:03  Probe  
  35  3:12  Probe  
  36  3:14  Blink  
  36  3:15  Probe  
  37  3:21  Gateway  
  37  3:22  Gateway  
  37  3:24  Probe  
  38  3:27  Probe  
  38  3:33  Shield Battery  
  39  3:34  Stalker  
  39  3:40  Pylon, Probe x2  
  43  3:49  Pylon  
  43  3:52  Probe  
  43  3:53  Probe  
  45  4:12  Stalker  
  47  4:18  Stalker x2  
  47  4:22  Probe  
  51  4:30  Robotics Facility  
  51  4:31  Pylon  
  51  4:33  Forge, Nexus  
  51  4:35  Probe x2  
  53  4:42  Pylon  
  53  4:47  Probe  
  53  4:49  Pylon  
  53  4:50  Pylon  
  54  4:53  Probe  
  54  4:57  Stalker x2  
  54  4:58  Stalker  
  61  5:01  Probe  
  61  5:05  Probe  
  63  5:12  Protoss Ground Weapons Level 1  
  63  5:13  Probe  
  62  5:17  Observer, Probe  
  62  5:19  Shield Battery  
  64  5:24  Gateway  
  64  5:27  Gateway  
  64  5:28  Probe  
  64  5:29  Probe  
  66  5:38  Gateway x2  
  66  5:48  Gateway  
  66  5:50  Gateway, Pylon  
  64  5:57  Stalker x2  
  64  5:59  Observer  
  64  6:00  Probe x2  
  64  6:02  Charge  
  69  6:08  Probe  
  70  6:12  Probe x2  
  70  6:16  Stalker  
  74  6:21  Probe  
  74  6:24  Probe  
  76  6:25  Stalker  
  76  6:26  Stalker  
  76  6:29  Probe  
  81  6:33  Probe  
  81  6:34  Pylon x2  
  81  6:36  Probe  
  82  6:41  Probe  
  83  6:48  Probe x2  
  85  7:00  Probe  
  86  7:02  Probe, Nexus  
  86  7:04  Pylon  
  86  7:08  Probe  
  88  7:13  Probe  
  88  7:14  Probe  
  90  7:17  Pylon, Zealot x7  
  90  7:18  Zealot  
  90  7:22  Zealot  
  108  7:24  Protoss Ground Armor Level 1  
  108  7:25  Probe x2  
  108  7:26  Probe  
  111  7:40  Gateway  
  111  7:41  Gateway  
  111  7:43  Gateway  
  111  7:45  Forge  
  111  7:47  Probe x3  
  114  7:59  Zealot x8  
  130  8:08  Zealot  
  130  8:12  Pylon x2  
  128  8:15  Pylon  
  128  8:16  Pylon  
  126  8:24  Zealot  
  126  8:25  Zealot x6  
  134  8:32  Stalker x2  
  138  8:37  Pylon  
  138  8:38  Pylon x2  
  138  8:48  Zealot  
  138  8:49  Zealot x6  
  139  9:05  Zealot x2  
  140  9:12  Zealot x4  
  140  9:13  Zealot x3  
  140  9:16  Templar Archives  
  148  9:19  Dark Shrine  
  148  9:21  Cybernetics Core  
  143  9:29  Zealot x2  
  127  9:33  Zealot x2  
Show
View Real Time Build Order
Export as new Build Order

Caerwyn Terran 

Build Orders: Gas First Reaper Expand 

Get SALT Encoding   

  12  0:00  SCV  
  13  0:12  SCV  
  14  0:17  Supply Depot  
  14  0:24  SCV  
  15  0:29  Refinery  
  15  0:38  SCV  
  16  0:45  Barracks  
  16  0:50  SCV  
  17  1:02  SCV  
  18  1:15  SCV  
  19  1:32  Orbital Command  
  19  1:33  Reaper  
  20  1:45  Command Center  
  20  1:58  SCV  
  21  2:02  Factory  
  21  2:06  Barracks Reactor  
  21  2:11  Refinery  
  21  2:13  SCV  
  22  2:22  Supply Depot  
  22  2:25  SCV  
  22  2:48  Starport, SCV  
  23  2:52  Barracks Tech Lab  
  23  2:56  Hellion  
  23  2:57  Orbital Command  
  25  3:00  Hellion  
  25  3:02  SCV  
  27  3:17  Hellion  
  29  3:21  SCV  
  30  3:30  SCV  
  30  3:32  Hellion  
  30  3:33  SCV  
  34  3:40  Supply Depot  
  34  3:44  Banshee  
  34  3:46  SCV  
  38  3:51  SCV  
  39  3:58  SCV  
  40  4:03  Cloaking Field  
  40  4:04  Factory Tech Lab  
  40  4:05  Bunker, Marine  
  40  4:06  SCV  
  40  4:09  Marine  
  43  4:13  SCV  
  44  4:22  SCV  
  44  4:23  Siege Tank  
  48  4:27  Barracks, SCV  
  49  4:32  Refinery, Marine x2  
  49  4:37  SCV  
  52  4:44  SCV  
  52  4:45  Supply Depot, Barracks  
  53  4:49  SCV  
  54  4:56  Supply Depot  
  54  5:06  SCV, Marine x2  
  57  5:12  SCV  
  58  5:18  SCV  
  58  5:21  Engineering Bay  
  59  5:26  Marine  
  59  5:27  SCV  
  61  5:31  Factory Tech Lab, SCV  
  61  5:33  Marine  
  61  5:34  Marine  
  61  5:35  Barracks Tech Lab, Stimpack, Starport Reactor  
  64  5:39  SCV  
  64  5:41  Supply Depot  
  61  5:43  SCV  
  61  5:45  Marine x2  
  61  5:46  Combat Shield  
  60  5:50  Refinery  
  60  5:51  Terran Infantry Weapons Level 1  
  60  5:52  Barracks  
  60  5:53  Barracks  
  60  6:05  Marauder x2, Marine x2  
  60  6:06  Siege Tank, SCV x2  
  60  6:11  Supply Depot  
  71  6:14  Medivac  
  71  6:18  Medivac  
  75  6:19  SCV  
  75  6:22  SCV  
  75  6:23  Marine  
  78  6:32  Marauder x2, Marine  
  83  6:39  Siege Tank  
  86  6:44  Barracks Tech Lab  
  86  6:49  Marine x2  
  86  6:50  Marine  
  86  6:53  Supply Depot  
  90  6:54  Marauder x2  
  90  6:56  Supply Depot, Medivac x2  
  94  7:01  Supply Depot  
  94  7:06  Marine x2  
  95  7:12  Marine  
  95  7:14  Siege Tank  
  101  7:15  Marauder  
  101  7:25  Concussive Shells  
  101  7:26  Marauder x2, Marine x2  
  107  7:37  Marine  
  107  7:38  Marauder, Medivac x2  
  107  7:44  Marine  
  114  7:47  Marauder  
  114  7:48  Marauder, Marine  
  114  7:49  Siege Tank  
  123  7:55  Marine  
  124  7:59  Marauder  
  126  8:11  Marine  
  126  8:18  Marine  
  126  8:21  Marauder  
Tags
 
Add a new tag
Caveats
  • Supply blocks, unpowered buildings, or Contaminate may cause inaccurate times.
  • Supply counts are checked every 10 seconds.